 Dungeon Crawl Stone Soup version 0.13.0 (webtiles) character file.

3732 Lilouch the Basher (level 10, -15/57 HPs)
             Began as a Gargoyle Fighter on Oct 12, 2013.
             Was a Believer of Okawaru.
             Demolished by an orc warrior
             ... wielding a +0,+1 orcish long sword
              (17 damage)
             ... on Level 9 of the Dungeon on Oct 13, 2013.
             The game lasted 01:03:01 (8539 turns).

Lilouch the Basher (Gargoyle Fighter)               Turns: 8539, Time: 01:03:01

HP -15/57        AC  8     Str 24      XL: 10   Next:  3%
MP   9/9         EV  9     Int  8      God: Okawaru [**....]
Gold 379         SH 23     Dex 13      Spells:  2 memorised,  5 levels left

Res.Fire  : . . .   See Invis. : +   e - +0,+3 orc morningstar
Res.Cold  : . . .   Warding    : .   (no armour)
Life Prot.: + . .   Conserve   : .   c - +0 shield
Res.Poison: +       Res.Corr.  : .   (no helmet)
Res.Elec. : +       Clarity    : .   (no cloak)
Sust.Abil.: . .     Spirit.Shd : .   L - +0 pair of gauntlets
Res.Mut.  : .       Stasis     : .   (no boots)
Res.Rott. : +       Flight     : .   (no amulet)
Saprovore : . . .                    v - ring of see invisible
                                     T - cursed +4 ring of dexterity

@: somewhat resistant to hostile enchantments, unstealthy
A: fangs 1, talons 2, life protection 1, electricity resistance, slow metabolism
1, unbreathing, petrification resistance, AC +7
a: Heroism, Renounce Religion


You were on level 9 of the Dungeon.
You worshipped Okawaru.
Okawaru was pleased with you.
You were very hungry.

You visited 3 branches of the dungeon, and saw 11 of its levels.

You collected 359 gold pieces.

Inventory:

Hand weapons
 e - a +0,+3 orcish morningstar (weapon)
 q - a +1,+0 elven spear
 H - a +0,+1 dwarven flail
 I - a -3,-3 sling
Missiles
 h - 124 stones (quivered)
 J - 25 poisoned needles
Armour
 c - a +0 shield (worn)
 L - a +0 pair of gauntlets (worn)
 V - a +2 orcish plate armour
Magical devices
 Y - a wand of cold (7) {unknown}
Comestibles
 d - 8 bread rations
 m - a meat ration
 s - 3 chokos
 u - an apple
 D - an apricot
 O - 2 honeycombs
Scrolls
 g - a scroll of curse weapon {unknown}
 j - a scroll of enchant weapon II
 k - 2 scrolls of curse armour
 l - 2 scrolls of fear
 n - a scroll of identify
 y - 2 scrolls of remove curse
 N - a scroll of noise {unknown}
 P - a scroll of enchant weapon I {unknown}
 R - a scroll of amnesia {unknown}
 Z - a scroll of random uselessness {unknown}
Jewellery
 t - an uncursed ring of protection from cold
 v - a ring of see invisible (right hand)
 Q - an uncursed ring of positive energy {unknown}
 T - a cursed +4 ring of dexterity (left hand)
Potions
 b - a potion of resistance {unknown}
 i - a potion of heal wounds {unknown}
 o - 2 potions of mutation {unknown}
 p - 5 potions of curing {unknown}
 r - a potion of confusion {unknown}
 w - 2 potions of speed {unknown}
 x - a potion of poison {unknown}
 z - a potion of cure mutation {unknown}
 B - 2 potions of magic {unknown}
 S - 3 potions of might {unknown}
 X - a potion of degeneration {unknown}
Books
 A - a book of Clouds

   Spells                             Type                      Level
   Mephitic Cloud                     Conjuration/Poison/Air       3
   Conjure Flame                      Conjuration/Fire             3
   Poisonous Cloud                    Conjuration/Poison/Air       6
   Freezing Cloud                     Conjuration/Ice/Air          6
   Ring of Flames                     Charms/Fire                  7
 U - a book of Battle

   Spells                             Type                      Level
   *Infusion                          Charms                       1
   Shroud of Golubria                 Charms/Translocation         2
   Song of Slaying                    Charms                       2
   Spectral Weapon                    Hexes/Charms                 3
   *Regeneration                      Charms/Necromancy            3
   Song of Shielding                  Charms                       4


   Skills:
 - Level 3.5 Fighting
 * Level 11.0 Maces & Flails
 + Level 8.0 Armour
 + Level 8.2 Shields


You had 5 spell levels left.
You knew the following spells:

 Your Spells              Type           Power        Failure   Level  Hunger
a - Infusion              Chrm           #.....       71%         1    ##.....
b - Regeneration          Chrm/Necr      #.........   99%         3    ####...


Dungeon Overview and Level Annotations

Branches:
Dungeon (9/27)             Temple (1/1) D:7             Orc (1/4) D:7
   Lair: D:8-13

Altars:
Ashenzari
Cheibriados
Elyvilon
Fedhas
Kikubaaqudgha
Makhleb
Nemelex Xobeh
Okawaru
Sif Muna
Trog
Vehumet
Xom
Yredelemnul
Zin
the Shining One

Shops:
D:4 [   D:6 }

Annotations:
D:6 Eustachio


Innate Abilities, Weirdness & Mutations

You are resistant to torment.
You are immune to poison.
Your stone body is very resilient (AC +7).
You have very sharp teeth.
You have razor-sharp toenails.
You resist negative energy.
You are resistant to electric shocks.
You have a slow metabolism.
You can survive without breathing.
You are immune to petrification.


Message History

You puncture the quokka!
You kill the quokka!
You hit the orc warrior.
The orc warrior is lightly wounded.
The orc warrior hits you with an orcish long sword!
You barely miss the orc warrior. Your kick misses the orc warrior.
Your bite misses the orc warrior.
The orc warrior is lightly wounded.
The orc warrior hits you with an orcish long sword!
Your shield prevents you from hitting the orc warrior.
You claw the orc warrior.
The orc warrior is moderately wounded.
The orc warrior hits you with an orcish long sword!
* * * LOW HITPOINT WARNING * * *
You hit the orc warrior.
You claw the orc warrior, but do no damage.
You bite the orc warrior, but do no damage.
The orc warrior is heavily wounded.
The orc warrior hits you with an orcish long sword!
You die... ..# #.# ≈...# #.# ...# #.# ...# #.# # ... #.# #. oo#

#.#
#.###+##o#
#.#
#.....##o#
#.#
#...##@#
#.#
+......#
#.#
#...####
#.# #...#
#.# ###.#
#.#
#.#######.#
#.........#
###########


You could see an orc warrior and 3 orcs.

Vanquished Creatures
  Joseph (D:7)
  A troll (Orc:1)
  The ghost of paplaukes the Charmwright, an average DsSk of Okawaru (D:4)
  2 black bears
  5 orc warriors
  A phantom (D:4)
  A sky beast (D:5)
  3 centaurs
  2 ogres
  2 giant frogs (D:8)
  2 wargs
  3 goliath beetles (D:8)
  A crimson imp (D:8)
  2 hounds
  A giant frog skeleton (D:7)
  4 orc priests
  11 orc wizards
  2 worker ants
  A hound zombie (D:8)
  A mummy (D:8)
  A hound skeleton (D:7)
  6 adders
  A green rat (D:6)
  2 giant mites (D:1)
  A shadow imp (D:6)
  A white imp (D:6)
  4 worms
  2 giant eyeballs
  A giant gecko (D:7)
  47 orcs
  24 bats
  A bat skeleton (D:4)
  3 giant cockroaches
  11 goblins
  10 hobgoblins
  12 jackals
  9 kobolds
  4 quokkas
  2 ball pythons
  2 giant newts (D:2)
  A giant spore (D:7)
  A hobgoblin skeleton (D:4)
  A hobgoblin zombie (D:5)
  An orc skeleton (D:6)
  7 rats
  A rat skeleton (D:5)
  3 ballistomycetes (D:7)
206 creatures vanquished.

Vanquished Creatures (others)
  A wizard (D:6)
1 creature vanquished.

Grand Total: 207 creatures vanquished

Notes
Turn   | Place    | Note
--------------------------------------------------------------
     0 | D:1      | Lilouch, the Gargoyle Fighter, began the quest for the Orb.
     0 | D:1      | Reached XP level 1. HP: 14/14 MP: 0/0
    33 | D:1      | Reached XP level 2. HP: 13/19 MP: 1/1
   228 | D:1      | Reached XP level 3. HP: 24/24 MP: 2/2
   645 | D:2      | Reached XP level 4. HP: 15/28 MP: 3/3
   881 | D:2      | Reached skill level 4 in Shields
  1855 | D:3      | Reached XP level 5. HP: 31/33 MP: 4/4
  2198 | D:4      | Found Greem's Antique Armour Emporium.
  2608 | D:4      | Reached XP level 6. HP: 32/38 MP: 5/5
  2668 | D:4      | Noticed a phantom
  2713 | D:4      | Killed a phantom
  2713 | D:4      | Reached skill level 5 in Maces & Flails
  2896 | D:4      | Noticed paplaukes' ghost (average DsSk)
  2938 | D:4      | Killed paplaukes' ghost
  2938 | D:4      | Reached skill level 5 in Shields
  2938 | D:4      | Reached XP level 7. HP: 5/43 MP: 6/6
  3645 | D:5      | Entered Level 5 of the Dungeon
  3676 | D:5      | Reached skill level 6 in Maces & Flails
  3676 | D:5      | Reached skill level 5 in Armour
  3878 | D:5      | Found a shattered altar of Ashenzari.
  4377 | D:5      | Reached skill level 7 in Maces & Flails
  4377 | D:5      | Reached XP level 8. HP: 43/48 MP: 7/7
  4537 | D:6      | Found Osiahax's Gadget Emporium.
  4701 | D:6      | Noticed Eustachio
  4937 | D:6      | Found a deep blue altar of Sif Muna.
  5035 | D:6      | Found a bloodstained altar of Trog.
  5035 | D:6      | Noticed a wizard
  5041 | D:6      | Killed a wizard
  5967 | D:7      | Found a staircase to the Orcish Mines.
  6167 | D:7      | Reached skill level 8 in Maces & Flails
  6507 | D:7      | Found a staircase to the Ecumenical Temple.
  6513 | Temple   | Entered the Ecumenical Temple
  6613 | Temple   | Became a worshipper of Warmaster Okawaru
  6764 | D:7      | Reached XP level 9. HP: 24/52 MP: 8/8
  7142 | Orc:1    | Entered Level 1 of the Orcish Mines
  7152 | Orc:1    | Noticed Joseph
  7170 | D:7      | Reached skill level 9 in Maces & Flails
  7187 | D:7      | Killed Joseph
  7191 | D:7      | Acquired Okawaru's first power
  7788 | Orc:1    | Noticed an orc knight
  7798 | Orc:1    | Reached skill level 10 in Maces & Flails
  8210 | D:8      | Found a shimmering altar of Xom.
  8340 | D:8      | Reached XP level 10. HP: 53/57 MP: 9/9
  8352 | D:8      | Reached skill level 11 in Maces & Flails
  8452 | D:8      | Learned a level 1 spell: Infusion
  8458 | D:8      | Learned a level 3 spell: Regeneration
  8538 | D:9      | HP: 2/57 [orc warrior/orcish long sword (18)]
  8539 | D:9      | Demolished by an orc warrior

Action                   |  1- 3 |  4- 6 |  7- 9 | 10-12 || total
-------------------------+-------+-------+-------+-------++-------
Melee: Mace              |    62 |   131 |       |       ||   193
       Flail             |       |    65 |   321 |       ||   386
       Morningstar       |       |       |   132 |    15 ||   147
Throw: Spear             |       |       |     6 |       ||     6
       Dart              |       |       |     4 |       ||     4
       Stone             |       |       |     1 |       ||     1
  Use: Scroll            |       |       |    15 |       ||    15
